AoeStats
← a.l.a.n.t

Arena

508722942Analyzed
4v4 RM · 8d ago on Sep 23, 2026· 41m 51s· 8 players
Game mode
Random Map
Map size
Large (8 player)
Population
200
Speed
Normal
Resources
Standard
Victory
Conquest
Starting age
Dark Age
Ending age
Imperial Age
RankedLock teamsTeams togetherTeam positionsShared explorationLock speedFull tech treeHidden civsTurbo modeCheats
Victory
Defeat
🇹🇼 Britons · Taiwan
1409
+14
🇨🇿 Romans · Czechia
1399
+15
🇨🇿 Jurchens · Czechia
1379
+15
🇨🇿 Tatars · Czechia
1342
+17
🇪🇸 Gurjaras · Spain
1423
-17
🇬🇧 Vikings · United Kingdom
1372
-16
🇬🇷 Inca · Greece
1368
-15
🇺🇸 Shu · United States
1310
-13
Zzulu
10:38 Feudal Age
15:19 Castle Age
13:43 Double-Bit Axe
13:54 Horse Collar
16:35 Bow Saw
16:34 Heavy Plow
22:55 Wheelbarrow
29:12 Imperial Age
26:38 Loom
27:08 Hand Cart
27:53 Forging
27:44 Scale Mail Armor
27:44 Padded Archer Armor
27:35 Fletching
28:08 Ballistics
27:59 Masonry
29:04 Andean Sling
29:36 Elite Skirmisher
30:22 Thumb Ring
31:48 Conscription
31:31 Fabric Shields
31:12 Elite Kamayuk
34:13 Town Watch
34:27 Bodkin Arrow
34:47 Leather Archer Armor
35:08 Iron Casting
34:48 Chain Mail Armor
35:53 Chemistry
35:53 Siege Engineers
35:29 Onager
38:23 Bracer
38:53 Ring Archer Armor
a.l.a.n.t
11:36 Feudal Age
15:43 Castle Age
16:38 Double-Bit Axe
16:57 Horse Collar
18:44 Scale Mail Armor
23:21 Chain Mail Armor
27:40 Chieftains
29:01 Forging
34:19 Imperial Age
32:36 Squires
32:23 Arson
33:58 Iron Casting
35:36 Plate Mail Armor
35:31 Conscription
34:55 Elite Varangian Guard
36:38 Blast Furnace
36:42 Gold Mining
bailey
10:20 Feudal Age
14:14 Castle Age
13:50 Double-Bit Axe
13:47 Horse Collar
15:31 Bow Saw
21:45 Heavy Plow
22:31 Wheelbarrow
21:46 Loom
21:34 Crossbowman
22:14 Crossbowman
23:30 Fletching
23:40 Padded Archer Armor
26:39 Bodkin Arrow
27:13 Hand Cart
30:00 Imperial Age
27:45 Loom
27:46 Town Watch
28:28 Leather Archer Armor
28:10 Gold Mining
28:32 Thumb Ring
28:49 Ballistics
28:47 Treadmill Crane
29:12 Squires
30:16 Gold Shaft Mining
30:05 Man-at-Arms
30:10 Arbalester
30:57 Bracer
31:28 Ring Archer Armor
32:17 Chemistry
32:38 Two-Man Saw
32:53 Pikeman
33:35 Scale Mail Armor
33:45 Forging
36:10 Onager
38:53 Halberdier
38:55 Elite White Feather Guard
39:56 Conscription
39:41 Coiled Serpent Array
39:49 Bolt Magazine
40:15 Conscription
Sergio
10:32 Feudal Age
14:21 Castle Age
12:18 Double-Bit Axe
13:03 Horse Collar
14:48 Loom
28:02 Wheelbarrow
33:13 Imperial Age
31:40 Forging
31:36 Scale Barding Armor
31:55 Kshatriyas
32:32 Bloodlines
32:27 Husbandry
33:15 Heavy Camel Rider
34:51 Iron Casting
34:41 Gold Mining
35:28 Chain Barding Armor
36:30 Scale Mail Armor
36:41 Elite Shrivamsha Rider
38:40 Plate Barding Armor
39:06 Gold Shaft Mining
39:53 Hand Cart
41:13 Chain Mail Armor
MarcusBrody
11:01 Feudal Age
14:58 Castle Age
13:15 Double-Bit Axe
13:11 Horse Collar
16:24 Bow Saw
20:34 Loom
22:31 Heavy Plow
23:43 Gold Mining
23:44 Stone Mining
24:38 Wheelbarrow
25:23 Town Watch
29:22 Imperial Age
28:18 Gold Shaft Mining
29:23 Coinage
29:54 Hand Cart
29:54 Heavy Scorpion
31:24 Ballistics
32:04 Chemistry
31:51 Siege Engineers
34:33 Guilds
35:12 Conscription
34:38 Pikeman
35:20 Scale Mail Armor
35:30 Forging
35:21 Squires
35:48 Masonry
36:04 Halberdier
40:23 Ballistas
Hagenar
10:18 Feudal Age
14:06 Castle Age
14:54 Double-Bit Axe
15:45 Horse Collar
19:13 Loom
21:35 Fletching
25:07 Gold Mining
26:02 Husbandry
26:14 Bloodlines
27:07 Bow Saw
28:36 Wheelbarrow
32:22 Imperial Age
30:13 Heavy Plow
30:49 Scale Barding Armor
32:38 Gold Shaft Mining
32:27 Chain Barding Armor
32:18 Forging
34:10 Plate Barding Armor
34:45 Conscription
36:00 Iron Casting
36:37 Elite Keshik
39:00 Bodkin Arrow
40:05 Bracer
39:45 Elite Steppe Lancer
40:30 Silk Armor
42:27 Blast Furnace
[SP4RT] Petza IV.
10:35 Feudal Age
14:33 Castle Age
12:45 Double-Bit Axe
13:15 Horse Collar
16:27 Bow Saw
18:11 Loom
22:39 Wheelbarrow
22:45 Gold Mining
23:06 Heavy Plow
28:48 Imperial Age
27:29 Siege Engineers
28:26 Stone Mining
29:04 Heavy Scorpion
30:49 Chemistry
30:30 Conscription
29:41 Heavy Rocket Cart
31:58 Two-Man Saw
32:12 Guard Tower
32:16 Fletching
33:06 Murder Holes
33:17 Bodkin Arrow
35:03 Keep
34:50 Ballistics
36:46 Masonry
36:23 Arrowslits
36:41 Bracer
37:39 Hand Cart
38:42 Crop Rotation
39:10 Architecture
38:22 Treadmill Crane
41:49 Hoardings
ss839059
10:47 Feudal Age
11:42 Double-Bit Axe
11:45 Horse Collar
14:32 Castle Age
15:57 Bow Saw
18:38 Wheelbarrow
21:59 Stone Mining
24:09 Gold Mining
24:21 Heavy Plow
28:58 Imperial Age
26:38 Fletching
26:48 Padded Archer Armor
27:13 Ballistics
27:01 Loom
27:31 Hand Cart
27:02 Town Watch
28:16 Gold Shaft Mining
27:41 Bodkin Arrow
28:41 Leather Archer Armor
28:04 Crossbowman
29:29 Yeomen
30:07 Coinage
29:09 Arbalester
30:56 Chemistry
30:17 Conscription
31:27 Light Cavalry
32:08 Husbandry
32:14 Scale Barding Armor
32:39 Ring Archer Armor
32:10 Bracer
34:33 Guard Tower
34:45 Bracer
34:51 Scale Barding Armor
36:23 Two-Man Saw
36:00 Warwolf
37:43 Chain Barding Armor
37:34 Forging
38:15 Banking
37:49 Caravan
39:23 Keep
38:30 Treadmill Crane
42:32 Plate Barding Armor
42:34 Iron Casting
Connection lost

Rejoining the realm…

Still unreachable

The connection could not be restored.

Session expired

The server has moved on; the page needs a fresh start.